MID
BURLINGTON BEES @ WEST MICHIGAN WHITECAPS
05/16/2048
 
TOP OF THE 1ST
Burlington Bees batting - Pitching for West Michigan Whitecaps : RHP Rich Nunez
Pitching: RHP Rich Nunez
Batting: RHB Sean Rocha 0-0: Ball
1-0: Ball
2-0: Foul Ball, location: 2F
2-1: Called Strike
2-2: Strikes out swinging
Batting: RHB Danny Bjarnson 0-0: Ball
1-0: Foul Ball, location: 2F
1-1: Ball
2-1: Swinging Strike
2-2: Fly out, F8 (Flyball, 89D, EV 83.1 MPH)
Batting: RHB Peter Westover 0-0: Ball
1-0: Swinging Strike
1-1: Called Strike
1-2: Foul Ball, location: 2F
1-2: Ball
2-2: Ball
3-2: Base on Balls
Batting: SHB Danny Gelinas 0-0: Ball
1-0: Ball
2-0: Ball
3-0: Called Strike
3-1: Called Strike
3-2: Strikes out swinging
Top of the 1st over - 0 runs, 0 hits, 0 errors, 1 left on base; Burlington 0 - West Michigan 0
BOTTOM OF THE 1ST
West Michigan Whitecaps batting - Pitching for Burlington Bees : RHP Getachew El Sayed
Pitching: RHP Getachew El Sayed
Batting: SHB Willie Medina 0-0: SINGLE (Line Drive, 89S, EV 93.1 MPH)
Batting: LHB George Moran 0-0: Called Strike
0-1: Ball
1-1: Called Strike
Willie Medina steals 2nd base (no throw)
1-2: Ground out 6-3 (Groundball, 6, EV 83.1 MPH)
Willie Medina to third
Batting: LHB Dave Carlisle 0-0: Foul Ball, location: 2F
0-1: Foul Ball, location: 2F
0-2: Strikes out swinging
Batting: LHB Jamie Christian 0-0: Fly out, F9 (Flyball, 89M, EV 91.2 MPH)
Bottom of the 1st over - 0 runs, 1 hit, 0 errors, 1 left on base; Burlington 0 - West Michigan 0
TOP OF THE 2ND
Burlington Bees batting - Pitching for West Michigan Whitecaps : RHP Rich Nunez
Batting: RHB Dan Burkhart 0-0: Foul Ball, location: 2F
0-1: Ground out 2-3 (Groundball, 2R, EV 63.1 MPH)
Batting: LHB Matthew Bale 0-0: Ball
1-0: Foul Ball, location: 2F
1-1: SINGLE (Line Drive, 78S, EV 106.2 MPH)
Batting: RHB Rory Cobb 0-0: Swinging Strike
0-1: Fly out, F9 (Flyball, 9D, EV 103.8 MPH)
Batting: LHB Jamie Diebel 0-0: Called Strike
0-1: Ground out 4-3 (Groundball, 4, EV 108.8 MPH)
Top of the 2nd over - 0 runs, 1 hit, 0 errors, 1 left on base; Burlington 0 - West Michigan 0
BOTTOM OF THE 2ND
West Michigan Whitecaps batting - Pitching for Burlington Bees : RHP Getachew El Sayed
Batting: RHB Jon Goldstein 0-0: Called Strike
0-1: Ball
1-1: Fly out, F7 (Line Drive, 7LM, EV 88.8 MPH)
Batting: LHB Brad Gaskill 0-0: Ball
1-0: Foul Ball, location: 2F
1-1: Ball
2-1: Ball
3-1: Base on Balls
Batting: RHB Scott Carr 0-0: Called Strike
0-1: Ball
1-1: Ball
2-1: Called Strike
2-2: Grounds into double play, 6-4-3 (Groundball, 6, EV 77.5 MPH)
Bottom of the 2nd over - 0 runs, 0 hits, 0 errors, 0 left on base; Burlington 0 - West Michigan 0
TOP OF THE 3RD
Burlington Bees batting - Pitching for West Michigan Whitecaps : RHP Rich Nunez
Batting: RHB Malachi Ephron 0-0: Swinging Strike
0-1: Foul Ball, location: 2F
0-2: Strikes out swinging
Batting: RHB Sean Rocha 0-0: Ball
1-0: Called Strike
1-1: Ball
2-1: Ball
3-1: Fly out, F7 (Flyball, 78M, EV 93.1 MPH)
Batting: RHB Danny Bjarnson 0-0: Ball
1-0: Foul Ball, location: 2F
1-1: Foul Ball, location: 2F
1-2: Ball
2-2: Ball
3-2: Foul Ball, location: 2F
3-2: Base on Balls
Batting: RHB Peter Westover 0-0: Ball
1-0: Ball
2-0: Ball
3-0: Base on Balls
Danny Bjarnson to second
Batting: SHB Danny Gelinas 0-0: Fly out, F4 (Popup, 34, EV 80.0 MPH)
Top of the 3rd over - 0 runs, 0 hits, 0 errors, 2 left on base; Burlington 0 - West Michigan 0
BOTTOM OF THE 3RD
West Michigan Whitecaps batting - Pitching for Burlington Bees : RHP Getachew El Sayed
Batting: RHB Joe Zimmerman 0-0: Ball
1-0: Foul Ball, location: 2F
1-1: Ball
2-1: Fly out, F4 (Popup, 13, EV 81.9 MPH)
Batting: RHB German Quiroga 0-0: Called Strike
0-1: Swinging Strike
0-2: Ball
1-2: Strikes out swinging
Batting: SHB Willie Medina 0-0: Foul Ball, location: 2F
0-1: Foul Ball, location: 2F
0-2: Ground out 5-3 (Groundball, 56, EV 104.4 MPH)
Bottom of the 3rd over - 0 runs, 0 hits, 0 errors, 0 left on base; Burlington 0 - West Michigan 0
TOP OF THE 4TH
Burlington Bees batting - Pitching for West Michigan Whitecaps : RHP Rich Nunez
Batting: RHB Dan Burkhart 0-0: Called Strike
0-1: Ball
1-1: Ball
2-1: Reached on error, E3 (Groundball, 34S, EV 85.0 MPH)
Batting: LHB Matthew Bale 0-0: SINGLE (Groundball, 56D, EV 98.1 MPH)
Dan Burkhart to second
Batting: RHB Rory Cobb 0-0: Ball
1-0: DOUBLE (Line Drive, 5D, EV 108.1 MPH)
Dan Burkhart scores
Matthew Bale to third
Batting: LHB Jamie Diebel 0-0: Ball
1-0: Foul Ball, location: 2F
1-1: Foul Ball, location: 2F
1-2: Ball
2-2: Strikes out swinging
Batting: RHB Malachi Ephron 0-0: Ball
1-0: Swinging Strike
1-1: Foul Ball, location: 2F
1-2: Ground out 1-3 (Groundball, 13S, EV 68.8 MPH)
Batting: RHB Sean Rocha 0-0: Called Strike
0-1: Ball
1-1: Ball
2-1: Ground out U3 (Groundball, 3, EV 86.9 MPH)
Top of the 4th over - 1 run, 2 hits, 1 error, 2 left on base; Burlington 1 - West Michigan 0
BOTTOM OF THE 4TH
West Michigan Whitecaps batting - Pitching for Burlington Bees : RHP Getachew El Sayed
Batting: LHB George Moran 0-0: Foul Ball, location: 2F
0-1: Foul Ball, location: 2F
0-2: Strikes out swinging
Batting: LHB Dave Carlisle 0-0: Ball
1-0: Foul Ball, location: 2F
1-1: Fly out, F9 (Flyball, 9, EV 87.5 MPH)
Batting: LHB Jamie Christian 0-0: Fly out, F6 (Popup, 6, EV 68.1 MPH)
Bottom of the 4th over - 0 runs, 0 hits, 0 errors, 0 left on base; Burlington 1 - West Michigan 0
TOP OF THE 5TH
Burlington Bees batting - Pitching for West Michigan Whitecaps : RHP Rich Nunez
Batting: RHB Danny Bjarnson 0-0: Called Strike
0-1: Ball
1-1: Called Strike
1-2: Foul Ball, location: 2F
1-2: Fly out, F8 (Flyball, 8RD, EV 93.1 MPH)
Batting: RHB Peter Westover 0-0: Called Strike
0-1: SOLO HOME RUN (Flyball, 7D, EV 96.2 MPH), Distance : 372 ft
Batting: SHB Danny Gelinas 0-0: Called Strike
0-1: Ground out 6-3 (Groundball, 4, EV 103.8 MPH)
Batting: RHB Dan Burkhart 0-0: Ball
1-0: Foul Ball, location: 2F
1-1: Ball
2-1: Foul Ball, location: 2F
2-2: Ground out 6-3 (Groundball, 6, EV 84.4 MPH)
Top of the 5th over - 1 run, 1 hit, 0 errors, 0 left on base; Burlington 2 - West Michigan 0
BOTTOM OF THE 5TH
West Michigan Whitecaps batting - Pitching for Burlington Bees : RHP Getachew El Sayed
Batting: RHB Jon Goldstein 0-0: Ball
1-0: Called Strike
1-1: Ground out U3 (Groundball, 3, EV 89.4 MPH)
Batting: LHB Brad Gaskill 0-0: Foul Ball, location: 2F
0-1: Swinging Strike
0-2: Ball
1-2: Ball
2-2: Strikes out swinging
Batting: RHB Scott Carr 0-0: Called Strike
0-1: Ball
1-1: Ball
2-1: Ball
3-1: Base on Balls
Batting: RHB Joe Zimmerman 0-0: Ball
1-0: Swinging Strike
1-1: Swinging Strike
Pickoff Throw to First - Out! 1-3 CS
Bottom of the 5th over - 0 runs, 0 hits, 0 errors, 0 left on base; Burlington 2 - West Michigan 0
TOP OF THE 6TH
Burlington Bees batting - Pitching for West Michigan Whitecaps : RHP Rich Nunez
Batting: LHB Matthew Bale 0-0: Ball
1-0: Foul Ball, location: 2F
1-1: Ball
2-1: Ground out 6-3 (Groundball, 6MS, EV 56.2 MPH)
Batting: RHB Rory Cobb 0-0: Called Strike
0-1: Foul Ball, location: 2F
0-2: Ground out 5-3 (Groundball, 5, EV 105.6 MPH)
Batting: LHB Jamie Diebel 0-0: Fly out, F1 (Line Drive, P, EV 63.1 MPH)
Top of the 6th over - 0 runs, 0 hits, 0 errors, 0 left on base; Burlington 2 - West Michigan 0
BOTTOM OF THE 6TH
West Michigan Whitecaps batting - Pitching for Burlington Bees : RHP Getachew El Sayed
Batting: RHB Joe Zimmerman 0-0: Ball
1-0: Called Strike
1-1: Swinging Strike
1-2: Strikes out swinging
Batting: RHB German Quiroga 0-0: Called Strike
0-1: Called Strike
0-2: Foul Ball, location: 2F
0-2: Strikes out swinging
Batting: SHB Willie Medina 0-0: Called Strike
0-1: Ground out 4-3 (Groundball, 4, EV 105.0 MPH)
Bottom of the 6th over - 0 runs, 0 hits, 0 errors, 0 left on base; Burlington 2 - West Michigan 0
TOP OF THE 7TH
Burlington Bees batting - Pitching for West Michigan Whitecaps : RHP Rich Nunez
Batting: RHB Malachi Ephron 0-0: Ball
1-0: Swinging Strike
1-1: Called Strike
1-2: Ball
2-2: Foul Ball, location: 2F
2-2: Ball
3-2: Foul Ball, location: 2F
3-2: Foul Ball, location: 2F
3-2: Foul Ball, location: 2F
3-2: Foul Ball, location: 2F
3-2: Foul Ball, location: 2F
3-2: DOUBLE (Groundball, 5L, EV 95.0 MPH)
Pitching: LHP Chris Thomas
Batting: RHB Sean Rocha 0-0: Called Strike
0-1: Ball
1-1: Called Strike
1-2: Ball
2-2: Ball
3-2: 2-RUN HOME RUN (Flyball, 7LD, EV 93.8 MPH), Distance : 341 ft
Batting: RHB Danny Bjarnson 0-0: Ball
1-0: Ball
2-0: Ground out 4-3 (Groundball, 4, EV 78.1 MPH)
Batting: RHB Peter Westover 0-0: Ball
1-0: Foul Ball, location: 2F
1-1: Ball
2-1: Ball
3-1: Called Strike
3-2: Fly out, F5 (Popup, 56, EV 69.4 MPH)
Batting: SHB Danny Gelinas 0-0: Swinging Strike
0-1: Ground out 6-3 (Groundball, 6, EV 108.8 MPH)
Top of the 7th over - 2 runs, 2 hits, 0 errors, 0 left on base; Burlington 4 - West Michigan 0
BOTTOM OF THE 7TH
West Michigan Whitecaps batting - Pitching for Burlington Bees : RHP Getachew El Sayed
Batting: LHB George Moran 0-0: Ball
1-0: Called Strike
1-1: Ball
2-1: Swinging Strike
2-2: Ball
3-2: Strikes out looking
Batting: LHB Dave Carlisle 0-0: Foul Ball, location: 2F
0-1: Swinging Strike
0-2: Strikes out swinging
Batting: LHB Jamie Christian 0-0: Foul Ball, location: 2F
0-1: Ball
1-1: Ball
2-1: Ball
3-1: Ground out 2-3 (Groundball, 15S, EV 64.4 MPH)
Bottom of the 7th over - 0 runs, 0 hits, 0 errors, 0 left on base; Burlington 4 - West Michigan 0
TOP OF THE 8TH
Burlington Bees batting - Pitching for West Michigan Whitecaps : LHP Chris Thomas
Batting: RHB Dan Burkhart 0-0: Called Strike
0-1: Called Strike
0-2: Ball
1-2: SINGLE (Flyball, 4D, EV 95.0 MPH)
Batting: LHB Matthew Bale 0-0: Ball
Dan Burkhart steals 2nd, throwing error, E2
Dan Burkhart to third
1-0: Ball
2-0: Ball
3-0: Called Strike
3-1: Foul Ball, location: 2F
3-2: Ground out 4-3 (Groundball, 34, EV 88.8 MPH)
Dan Burkhart scores
Batting: RHB Rory Cobb 0-0: Ball
1-0: Ball
2-0: Ball
3-0: Called Strike
3-1: Base on Balls
Pitching: RHP Jorge Castaneda
Batting: LHB Jamie Diebel 0-0: Foul Ball, location: 2F
0-1: Foul Ball, location: 2F
0-2: Grounds into double play, 6-4-3 (Groundball, 6, EV 83.8 MPH)
Top of the 8th over - 1 run, 1 hit, 1 error, 0 left on base; Burlington 5 - West Michigan 0
BOTTOM OF THE 8TH
West Michigan Whitecaps batting - Pitching for Burlington Bees : RHP Getachew El Sayed
Pitching: RHP Jamie Snyder
Batting: RHB Jon Goldstein 0-0: Ball
1-0: Called Strike
1-1: Ball
2-1: Fly out, F7 (Flyball, 7, EV 91.9 MPH)
Batting: LHB Brad Gaskill 0-0: Called Strike
0-1: Ground out 4-3 (Groundball, 4, EV 80.0 MPH)
Batting: RHB Scott Carr 0-0: Foul Ball, location: 2F
0-1: Ground out 5-3 (Groundball, 56, EV 104.4 MPH)
Bottom of the 8th over - 0 runs, 0 hits, 0 errors, 0 left on base; Burlington 5 - West Michigan 0
TOP OF THE 9TH
Burlington Bees batting - Pitching for West Michigan Whitecaps : RHP Jorge Castaneda
Pitching: RHP Tony Kepp
Batting: RHB Malachi Ephron 0-0: Called Strike
0-1: Foul Ball, location: 2F
0-2: Fly out, F9 (Flyball, 9, EV 90.0 MPH)
Batting: RHB Sean Rocha 0-0: Called Strike
0-1: Swinging Strike
0-2: SOLO HOME RUN (Flyball, 78XD, EV 106.2 MPH), Distance : 411 ft
Batting: RHB Danny Bjarnson 0-0: Ball
1-0: Foul Ball, location: 2F
1-1: Ball
2-1: Foul Ball, location: 2F
2-2: Foul Ball, location: 2F
2-2: Foul Ball, location: 2F
2-2: Ground out 4-3 (Groundball, 4, EV 82.5 MPH)
Batting: RHB Peter Westover 0-0: SINGLE (Groundball, 6S, EV 68.1 MPH) (infield hit)
Batting: SHB Danny Gelinas 0-0: Called Strike
Peter Westover steals 2nd base
0-1: Foul Ball, location: 2F
0-2: Strikes out swinging
Top of the 9th over - 1 run, 2 hits, 0 errors, 1 left on base; Burlington 6 - West Michigan 0
BOTTOM OF THE 9TH
West Michigan Whitecaps batting - Pitching for Burlington Bees : RHP Jamie Snyder
Batting: RHB Joe Zimmerman 0-0: Called Strike
0-1: Foul Ball, location: 2F
0-2: Ball
1-2: Foul Ball, location: 2F
1-2: Strikes out swinging
Batting: RHB German Quiroga 0-0: Swinging Strike
0-1: Ball
1-1: Ball
2-1: Foul Ball, location: 2F
2-2: Foul Ball, location: 2F
2-2: Ground out U3 (Groundball, 13, EV 81.9 MPH)
Batting: SHB Willie Medina 0-0: Ball
1-0: Called Strike
1-1: Called Strike
1-2: Ball
2-2: Ball
3-2: Strikes out swinging
Bottom of the 9th over - 0 runs, 0 hits, 0 errors, 0 left on base; Burlington 6 - West Michigan 0
Tuesday, March 28th , 2023 - OOTP Baseball 23.10 Build 110